 Dungeon Crawl Stone Soup version 0.28.0-43-g3370ac3207 (webtiles) character file.

Game seed: 12887781651406522642

26 terff the Sneak (level 3, -4/24 HPs)
             Began as an Octopode Brigand on Mar 20, 2022.
             Slain by Blork the orc
             ... wielding a +0 flail
              (14 damage)
             ... on level 4 of the Dungeon.
             The game lasted 00:01:44 (404 turns).

terff the Sneak (Octopode Brigand)                   Turns: 404, Time: 00:01:45

Health: -4/24      AC:  1    Str: 10    XL:     3   Next: 8%
Magic:  3/3        EV: 12    Int: 13    God:
Gold:   0          SH:  5    Dex: 15    Spells: 2/2 levels left

rFire   . . .      SeeInvis .   a - +2 dagger
rCold   . . .      Faith    .   (no shield)
rNeg    . . .      Spirit   .   (helmet restricted)
rPois   .          Reflect  +   f - amulet of reflection
rElec   .          Harm     .   (no ring)
rCorr   .          Rampage  .   (no ring)
Will    .....                   (no ring)
Stlth   ++++......              (no ring)
HPRegen 0.08/turn               (no ring)
MPRegen 0.08/turn               (no ring)
                                (no ring)
                                (no ring)

@: no status effects
A: almost no armour, amphibious, 8 rings, camouflage 1, gelatinous body 1,
(nimble swimmer 1), tentacles
a: no special abilities


You were on level 4 of the Dungeon.
You visited 1 branch of the dungeon, and saw 4 of its levels.

Inventory:

Hand Weapons
 a - a +2 dagger (weapon)
Missiles
 b - 8 poisoned darts (quivered)
 c - 2 curare-tipped darts
Jewellery
 f - an amulet of reflection (around mantle)
Scrolls
 d - a scroll of brand weapon {unknown}
 g - a scroll of blinking {unknown}
Potions
 e - a potion of magic {unknown}


   Skills:
 + Level 2.1 Fighting
 + Level 2.1 Short Blades
 + Level 2.1 Throwing
 + Level 1.0 Dodging
 + Level 6.4 Stealth


You had 2 spell levels left.
You didn't know any spells.
Your spell library was empty.

Dungeon Overview and Level Annotations

Branches:
Dungeon (4/15)
 Temple: D:4-7

Altars:

Annotations:
D:3 Robin
D:4 Blork the orc


Innate Abilities, Weirdness & Mutations

You cannot wear most types of armour.
You are amphibious.
You can wear up to eight rings at the same time.
Your skin changes colour to match your surroundings (Stealth+).
Your rubbery body absorbs attacks. (AC +1, EV +1)
((You are camouflaged when in or above water. (Stealth+)))
You have tentacles for arms and can constrict up to eight enemies at once.


Message History

A goblin comes into view. It is wielding a +0 dagger.
Found an escape hatch in the ceiling and an escape hatch in the floor.
A hobgoblin comes into view.
There is an escape hatch in the floor here.
You slide downwards.
The hatch slams shut behind you.
Found a ring mail and a hunting sling.
You open the door.
Found 6 gold pieces and a scroll labelled DOULUE NUCUMUXUL.
There is an open door here.
Found a scale mail.
g - a scroll labelled DOULUE NUCUMUXUL Throw: 8 darts (poison)
Press: ? - help, Q - select action, (/) - cycle Shift-Dir - straight line, f - you You can't see any item there.
Okay, then.
There are no items here.
You start resting.
HP restored.
There is an open door here.
Blork the orc shouts!
You hit Blork the orc. Your grab misses Blork the orc.
Blork the orc is lightly wounded.
You hit Blork the orc but do no damage. You grab Blork the orc.
Blork the orc is lightly wounded.
You constrict Blork the orc. Blork the orc hits you with a +0 flail.
You barely miss Blork the orc.
Blork the orc is lightly wounded.
You constrict Blork the orc. Blork the orc barely misses you.
The quokka bites you.
You hit Blork the orc but do no damage. You squeeze Blork the orc.
Blork the orc is lightly wounded.
You constrict Blork the orc. You block the quokka's attack.
Blork the orc casts a spell at you. The puff of flame hits you!
You hit Blork the orc.
Blork the orc is moderately wounded.
You constrict Blork the orc. The quokka closely misses you.
Blork the orc hits you with a +0 flail!
Ouch! That really hurt!
You die...

#.. #.. ## ##+##
.. .# ##...##
.###.## #.....##
#..... #......##
##.##.#
#.......####.$.#.#
#..r.[..'........#
#..o@...####....##
#........##
##.......#
...#.....##
###.##### .
##...## #.# ##+##
#.# #.# #[# #.#


You could see Blork the orc and a quokka.

Vanquished Creatures
  Terence (D:3)
  A hobgoblin (D:3)
2 creatures vanquished.

Notes
Turn   | Place    | Note
-------+----------+-------------------------------------------
     0 | D:1      | terff the Octopode Brigand began the quest for the Orb.
     0 | D:1      | Reached XP level 1. HP: 14/14 MP: 1/1
    75 | D:3      | Noticed Robin
    86 | D:3      | Noticed Terence
    96 | D:3      | Killed Terence
    97 | D:3      | Reached skill level 6 in Stealth
    97 | D:3      | Reached XP level 2. HP: 3/19 MP: 2/2
    97 | D:3      | Reached XP level 3. HP: 4/24 MP: 3/3
    98 | D:3      | HP: 1/24 [Robin/goblin (3)]
   183 | D:4      | Noticed Blork the orc
   404 | D:4      | Slain by Blork the orc

Illustrated notes

Levels and vault maps discovered:
D:1:      dpeg_arrival_central, layout_basic,
          hellmonk_ecumenical_altar_heavens_door
D:2:      layout_loops_ring
D:3:      layout_loops_cross, uniq_natasha, uniq_terence, uniq_robin
D:4:      layout_loops_corners, grunt_nemelex_the_gamble,
          mainiacjoe_overflow_six_doors_small, dk_xom_monty_hall,
          uniq_blork_the_orc

Skill      XL: |  1 |
---------------+----+-----
Stealth        | 6 |  6.4
Fighting       | |  2.1
Short Blades   | |  2.1
Throwing       | |  2.1
Dodging        | |  1.0

Action                   || total
-------------------------++-------
Melee: Dagger            ||    10
       Constrict         ||     2
       Tentacles         ||     1
  Use: Potion            ||     1
 Stab: Sleeping          ||     2
Dodge: Dodged            ||     3
Block: Other             ||     4
